 Dungeon Crawl Stone Soup version 0.24-a0-536-gdd4cf15 (webtiles) character file.

Game seed: 3178296926806834929

4 silentkaos13 the Thaumaturge (level 1, -2/20 HPs)
             Began as a Gnoll Wanderer on Aug 13, 2019.
             Slain by an ooze (3 damage)
             ... on level 1 of the Dungeon.
             The game lasted 00:00:21 (182 turns).

silentkaos13 the Thaumaturge (Gnoll Wanderer)        Turns: 182, Time: 00:00:22

Health: -2/20      AC:  2    Str: 13    XL:     1   Next: 70%
Magic:  10/10      EV: 11    Int: 15    God:
Gold:   0          SH:  0    Dex: 14    Spells: 18/18 levels left

rFire    . . .     SeeInvis .   a - +2 dagger
rCold    . . .     Gourm    .   (no shield)
rNeg     . . .     Faith    .   e - +0 robe
rPois    .         Spirit   .   (no helmet)
rElec    .         Reflect  .   (no cloak)
rCorr    .         Harm     .   (no gloves)
MR       .....                  (no boots)
Stlth    +++.......             (no amulet)
HPRegen  0.06/turn              (no ring)
MPRegen  0.12/turn              (no ring)

@: no status effects
A: distributed training, fangs 1, strong nose
a: no special abilities


You were on level 1 of the Dungeon.
You were not hungry.

You visited 1 branch of the dungeon, and saw 1 of its levels.

Inventory:

Hand Weapons
 a - a +2 dagger (weapon)
 d - a +0 spear
Armour
 e - a +0 robe (worn)
Scrolls
 g - a scroll of magic mapping {unknown}
Potions
 b - a potion of heal wounds
 c - a potion of curing
 h - a potion of haste {unknown}
Comestibles
 f - a ration


   Skills:
 + Level 4.4 Fighting
 + Level 0.1 Short Blades
 + Level 0.1 Long Blades
 + Level 0.1 Axes
 + Level 0.1 Maces & Flails
 + Level 0.1 Polearms
 + Level 0.1 Staves
 + Level 0.1 Slings
 + Level 0.1 Bows
 + Level 0.1 Crossbows
 + Level 0.1 Throwing
 + Level 0.1 Armour
 + Level 0.1 Dodging
 + Level 4.0 Stealth
 + Level 0.1 Shields
 + Level 0.1 Unarmed Combat
 + Level 9.2 Spellcasting
 + Level 0.1 Conjurations
 + Level 0.1 Hexes
 + Level 0.1 Charms
 + Level 0.1 Summonings
 + Level 0.1 Necromancy
 + Level 0.1 Translocations
 + Level 0.1 Transmutations
 + Level 0.1 Fire Magic
 + Level 0.1 Ice Magic
 + Level 0.1 Air Magic
 + Level 2.0 Earth Magic
 + Level 0.1 Poison Magic
 + Level 0.2 Invocations
 + Level 2.4 Evocations


You had 18 spell levels left.
You didn't know any spells.
Your spell library was empty.

Dungeon Overview and Level Annotations

Branches:
Dungeon (1/15)

Altars:


Innate Abilities, Weirdness & Mutations

Your experience applies equally to all skills.
You have very sharp teeth.
Your uncanny sense of smell can sniff out nearby items.


Message History

The frilled lizard misses you.
You hit the hobgoblin.
You kill the hobgoblin!
Your Earth Magic skill increases to level 2!
The ooze jiggles.
The frilled lizard closely misses you. The frilled lizard barely misses you.
You hit the ooze.
The ooze is heavily wounded.
The ooze hits you but does no damage. The frilled lizard closely misses you.
The frilled lizard bites you.
* * * LOW HITPOINT WARNING * * *
You hit the ooze.
The ooze is severely wounded.
The ooze barely misses you. The frilled lizard barely misses you.
The frilled lizard bites you.
* * * LOW HITPOINT WARNING * * *
You hit the ooze. You bite the ooze, but do no damage.
The ooze is almost dead.
The ooze hits you.
You die...

∆ ###################
#.'(....<.....'.†.#
#.#################
#.#.....#.).......
#...##............
###.#####.#######..#.
#.# #....@J...... #.#
#....ll....## #.#
#.######...#∆ ∆ #..
...# #... ### #####
#.


You could see an ooze and 2 frilled lizards.

Vanquished Creatures
  A worm (D:1)
  A hobgoblin (D:1)
2 creatures vanquished.

Notes
Turn   | Place    | Note
-------+----------+-------------------------------------------
     0 | D:1      | Reached skill level 9 in Spellcasting
     0 | D:1      | silentkaos13 the Gnoll Wanderer began the quest for the
                  | Orb.
     0 | D:1      | silentkaos13 set off with the following items: a +2 dagger,
                  | a potion of heal wounds, a potion of curing, a +0 spear, a
                  | +0 robe, a ration
     0 | D:1      | Reached XP level 1. HP: 20/20 MP: 10/10
   181 | D:1      | HP: 1/20 [frilled lizard (1)]
   182 | D:1      | Slain by an ooze

Levels and vault maps discovered:
D:1:      evilmike_arrival_run_for_it, layout_basic, minmay_tromino_v4_b

Skill      XL: |  1 |
---------------+----+-----
Spellcasting   | |  9.2
Earth Magic    | 2 |  2.0
Fighting       | |  4.4
Short Blades   | |  0.1
Long Blades    | |  0.1
Axes           | |  0.1
Maces & Flails | |  0.1
Polearms       | |  0.1
Staves         | |  0.1
Slings         | |  0.1
Bows           | |  0.1
Crossbows      | |  0.1
Throwing       | |  0.1
Armour         | |  0.1
Dodging        | |  0.1
Stealth        | |  4.0
Shields        | |  0.1
Unarmed Combat | |  0.1
Conjurations   | |  0.1
Hexes          | |  0.1
Charms         | |  0.1
Summonings     | |  0.1
Necromancy     | |  0.1
Translocations | |  0.1
Transmutations | |  0.1
Fire Magic     | |  0.1
Ice Magic      | |  0.1
Air Magic      | |  0.1
Poison Magic   | |  0.1
Invocations    | |  0.2
Evocations     | |  2.4

Action                   || total
-------------------------++-------
Melee: Dagger            ||    18
       Bite              ||     1
 Stab: Sleeping          ||     1
Armor: Robe              ||     4
Dodge: Dodged            ||    15

Table legend:
 A = Non-vault XP
 B = Vault XP
 C = Vault XP percentage of total XP
 D = Non-vault monster count
 E = Vault monster count
 F = Vault count percentage of total count
                 A         B        C        D         E       F
            +---------+---------+-------+---------+---------+-------
      Total |       2 |       5 |  71.4 |       1 |       1 |  50.0
            +---------+---------+-------+---------+---------+-------
        D:1 |       2 |       5 |  71.4 |       1 |       1 |  50.0
            +---------+---------+-------+---------+---------+-------
